 Dungeon Crawl Stone Soup version 0.30-a0-956-gcec3b41aec (webtiles) character file.

Game seed: 14663926405795540120

179 Dirtsage the Chopper (level 5, 0/41 HPs)
             Began as a Demonspawn Fighter on Mar 29, 2023.
             Splashed by a jelly's acid (8 damage)
             ... on level 4 of the Dungeon.
             The game lasted 00:04:25 (2849 turns).

Dirtsage the Chopper (Demonspawn Fighter)           Turns: 2849, Time: 00:04:26

Health: 0/41       AC:  0    Str: 19    XL:     5   Next: 33%
Magic:  5/5        EV: 11    Int:  9    God:
Gold:   112        SH:  9    Dex: 12    Spells: 4/4 levels left

rFire   . . .      SeeInvis .    a - +0 war axe
rCold   . . .      Faith    .    c - +0 buckler
rNeg    . . .      Spirit   .    b - +0 scale mail
rPois   .          Reflect  +    (no helmet)
rElec   .          Rampage  .    g - +0 cloak
rCorr   .                        (no gloves)
Will    .....                    e - +0 pair of boots Stlth
                                 r - amulet of reflection
HPRegen 0.26/turn                n - ring of flight
MPRegen 0.09/turn                (no ring)

@: corroded, flying
A: hooves 2, repulsion field 1
a: no special abilities


You were on level 4 of the Dungeon.
You visited 1 branch of the dungeon, and saw 4 of its levels.

You collected 112 gold pieces.

Inventory:

Hand Weapons
 a - a +0 war axe (weapon)
Armour
 b - a +0 scale mail (worn)
 c - a +0 buckler (worn)
 e - a +0 pair of boots (worn)
 g - a +0 cloak (worn)
 s - a scarf of harm
Jewellery
 n - a ring of flight (left hand)
 r - an amulet of reflection (around neck)
Scrolls
 f - 3 scrolls of identify {unknown}
 i - a scroll of noise {unknown}
 j - a scroll of silence {unknown}
 k - a scroll of blinking {unknown}
 o - 4 scrolls of teleportation {unknown}
 q - a scroll of fear {unknown}
Potions
 d - 2 potions of might
 h - a potion of lignification {unknown}
 l - a potion of heal wounds
 m - a potion of mutation {unknown}
 p - a potion of magic {unknown}
 t - a potion of berserk rage {unknown}


   Skills:
 - Level 3.0 Fighting
 + Level 5.1 Axes
 - Level 2.6 Armour
 - Level 2.6 Shields


You had 4 spell levels left.
You didn't know any spells.
Your spell library contained the following spells:

 Spells                   Type           Power      Damage    Failure   Level
 Manifold Assault         Tloc           0%         N/A       100%        4
 Dispersal                Tloc           0%         N/A       100%        6
 Disjunction              Tloc           0%         N/A       100%        8


Dungeon Overview and Level Annotations

Branches:
Dungeon (4/15)
 Temple: D:4-7

Altars:


Innate Abilities, Weirdness & Mutations

You have hoof-like feet.
You are surrounded by a mild repulsion field. (EV +2)


Message History

A goblin comes into view. It is wielding a +0 dagger.
The goblin shouts!
The goblin hits you with a +0 dagger.
You take 2 damage, and have 39/41 hp.
You closely miss the goblin. You block the goblin's attack.
You barely miss the goblin. The goblin hits you with a +0 dagger.
The goblin hits you but does no damage.
You take 1 damage, and have 39/41 hp.
You barely miss the goblin. You block the goblin's attack.
You slash the goblin!
You kill the goblin!
No target in view!
As you open the door, it creaks loudly!
There is an open door here.
t - a viscous black potion Health restored: 41 You now have 112 gold pieces (gained 9).
You reach down and open the door.
There is an open door here.
A jelly comes into view.
The jelly quivers.
The jelly moves out of view.
A jelly is nearby!
Found a pair of gloves.
Found a stone staircase leading down.
You slash the jelly!
Your hands burn!
The jelly is heavily wounded.
The jelly barely misses you. The jelly hits you. The acid corrodes you!
You are splashed with acid!
You take 14 damage, and have 27/41 hp.
MASSIVE DAMAGE!!
You hit the jelly.
Your hands burn!
The jelly is severely wounded.
The jelly hits you.
You are splashed with acid!
You take 14 damage, and have 13/41 hp.
MASSIVE DAMAGE!!
You hit the jelly. The acid corrodes you!
Your hands burn!
* * * LOW HITPOINT WARNING * * *
The jelly is almost dead.
The jelly hits you.
* * * LOW HITPOINT WARNING * * *
You are splashed with acid!
You die...

###### #######
#....## ......#
#....#. .....>#
#....#.##....[.#
#....#.#@#
#....#.#J#
#....#...#
#########....###.##
........'....'....+
..#######....###.##
..# ###### #.# ..#
#.# ..# ..#


You could see a jelly.

Vanquished Creatures
  A hound (D:4)
  2 iguanas (D:4)
  3 gnolls (D:3)
  2 adders
  A worm (D:3)
  3 orcs (D:4)
  5 bats
  An endoplasm (D:3)
  10 goblins
  6 hobgoblins (D:1)
  A quokka (D:1)
  3 frilled lizards
  6 kobolds
  4 rats (D:3)
48 creatures vanquished.

Notes
Turn   | Place    | Note
-------+----------+-------------------------------------------
     0 | D:1      | Dirtsage the Demonspawn Fighter began the quest for the
                  | Orb.
     0 | D:1      | Reached XP level 1. HP: 18/18 MP: 1/1
    40 | D:1      | Reached skill level 2 in Axes
   180 | D:1      | Gained mutation: You have large cloven feet. [demonic
                  | ancestry]
   180 | D:1      | Reached XP level 2. HP: 20/24 MP: 2/2
   614 | D:2      | Reached skill level 3 in Axes
   720 | D:2      | Found a faded altar of an unknown god.
  1383 | D:3      | Gained mutation: You have hoof-like feet. [demonic
                  | ancestry]
  1383 | D:3      | Reached XP level 3. HP: 29/29 MP: 3/3
  1769 | D:3      | Reached skill level 4 in Axes
  1769 | D:3      | Gained mutation: You are surrounded by a mild repulsion
                  | field. (EV +2) [demonic ancestry]
  1769 | D:3      | Reached XP level 4. HP: 35/35 MP: 4/4
  2504 | D:4      | Reached XP level 5. HP: 34/41 MP: 5/5
  2664 | D:4      | Reached skill level 5 in Axes
  2849 | D:4      | Splashed by a jelly's acid

Illustrated notes

Levels and vault maps discovered:
D:1:      matt_arrival_los_fun, layout_rooms, chequers_serial_rivers_room_a
D:2:      layout_loops_cross, basic_ecumenical_altar
D:3:      layout_basic
D:4:      layout_basic

Skill      XL: |  1  2  3  4  5 |
---------------+----------------+-----
Axes           | 2 3 4 5 |  5.1
Fighting       | |  3.0
Armour         | |  2.6
Shields        | |  2.6

Action                     |  1- 3 |  4- 6 || total
---------------------------+-------+-------++-------
  Melee: War axe           |   100 |    59 ||   159
    Use: Potion            |       |     1 ||     1
 Armour: Scale mail        |    53 |    10 ||    63
  Dodge: Dodged            |    45 |    23 ||    68
  Block: Buckler           |    15 |    22 ||    37

Table legend: (Time is in decaauts)
 A = Elapsed time spent in this place.
 B = Non-inter-level travel time spent in this place.
 C = Inter-level travel time spent in this place.
 D = Time resting spent in this place.
 E = Time spent auto-exploring this place.
 F = Levels seen in this place.
 G = Mean time per level.
                   A        B        C        D        E       F      G
               +--------+--------+--------+--------+--------+-----+--------+
         Total |   2903 |   2831 |     72 |    131 |   2272 |   4 |  725.8 |
       Dungeon |   2903 |   2831 |     72 |    131 |   2272 |   4 |  725.8 |
               +--------+--------+--------+--------+--------+-----+--------+

Top non-repeatable levels by time:
     D:3: 1075 daAuts
     D:1: 619 daAuts
     D:2: 619 daAuts
     D:4: 589 daAuts
